Map: Ever Dream LE

Players

JainaJaslyn - Winner!

  • Race: Terran Terran
  • League: Gold
  • Spawn Location: 7:00

VOD

Have the link to the VOD?

Description

FOR FUN, FOR DAVID + TEAM

Time

  • Played on: July 4, 2020, 5:50 p.m.
  • Length: 8:51
Show
View Real Time Build Order
Export as new Build Order

JainaJaslyn Terran - Winner!

Build Orders:  

Get SALT Encoding   

  12  0:02  SCV  
  13  0:19  SCV  
  14  0:24  Supply Depot  
  14  0:35  SCV  
  15  0:54  SCV  
  15  0:56  Barracks  
  16  1:03  Refinery  
  16  1:11  SCV  
  17  1:28  SCV  
  18  1:46  SCV  
  19  2:04  Orbital Command  
  19  2:05  Barracks Reactor  
  19  2:18  Barracks x2  
  19  2:27  Supply Depot  
  19  2:35  Refinery  
  19  2:41  SCV  
  20  2:55  Marine  
  20  2:56  Marine  
  20  2:58  SCV  
  23  3:15  SCV  
  24  3:20  Marine  
  24  3:21  Marine  
  24  3:23  Barracks Tech Lab  
  24  3:25  Barracks Tech Lab  
  24  3:29  Stimpack  
  26  3:40  Supply Depot  
  26  3:46  Marine x2  
  26  3:49  Marauder  
  30  4:04  Concussive Shells  
  30  4:10  Marauder  
  30  4:11  Supply Depot  
  30  4:17  Marine  
  30  4:19  Marine  
  34  4:28  Marauder  
  36  4:40  Marauder  
  36  4:42  Marine  
  36  4:48  Marine  
  40  4:57  Marauder  
  42  5:10  Marauder  
  42  5:11  Marine  
  42  5:16  Marine  
  46  5:27  Marauder  
  48  5:36  Marine  
  48  5:39  Marauder  
  49  5:43  Marine  
  52  5:57  Marauder  
  54  6:33  Command Center  
  54  6:41  Marine  
  55  6:52  Supply Depot  
  55  6:58  Marine  
  54  7:09  Marine  
  46  7:10  Marauder  
  46  7:17  Marauder  
  50  7:24  SCV  
  51  7:38  Marine x2  
  53  7:45  Supply Depot  
  53  7:46  Marauder  
  53  7:53  Marauder  
  55  8:06  Marine x2, Factory  
  57  8:13  Orbital Command  
Tags
 
League
Gold
Matchup
Co-op
Add a new tag
Caveats
  • Supply blocks, unpowered buildings, or Contaminate may cause inaccurate times.
  • Supply counts are checked every 10 seconds.